 Seeded DCSS version 0.31-a0-542-gdc2a67831c (webtiles) character file.

Game seed: 3826825538972431165 (custom seed)

907 innerfire43 the Charlatan (level 7, -6/52 HPs)
             Began as a Demonspawn Monk on Aug 14, 2023.
             Killed by divine providence
             ... invoked by an orc priest
              (16 damage)
             ... on level 4 of the Dungeon.
             The game lasted 00:05:03 (2862 turns).

innerfire43 the Charlatan (Demonspawn Monk)         Turns: 2862, Time: 00:05:04

Health: -6/52      AC:  8    Str: 13    XL:     7   Next: 81%
Magic:  7/7        EV: 20    Int: 12    God:
Gold:   312        SH:  0    Dex: 15    Spells: 6/6 levels left

rFire   + + .        e - melded staff of Beogh's Wrath {Str+5 Earth}
rCold   + + .        d - melded orb {light}
rNeg    + + +        b - melded +0 robe
rPois   ∞            q - melded +0 helmet
rElec   +            (cloak currently unavailable)
rCorr   +            (gloves currently unavailable)
SInv    .            (boots currently unavailable)
Will    .....        (amulet currently unavailable)
Stlth   +            (ring currently unavailable)
HPRegen 0.28/turn    (ring currently unavailable)
MPRegen 0.10/turn

%: no passive effects
@: confused, wisp-form (expiring), ambrosia-drunk, flying
A: insubstantial, flying, no casting, tiny, (hooves 1), (molten scales 1),
icemail 1, condensation shield
a: no special abilities


You were on level 4 of the Dungeon.
You were an insubstantial wisp.
You visited 1 branch of the dungeon, and saw 4 of its levels.
You also visited: Ossuary.

You collected 312 gold pieces.

Inventory:

Hand Weapons
 a - a +0 spear
Armour
 b - a +0 robe (melded)
 d - an orb of light (melded)
 q - a +0 helmet (melded)
Magical Staves
 e - the staff of Beogh's Wrath (melded) {Str+5 Earth}
   (You acquired it on level 1 of the Dungeon)

   [staff of earth]

   Base accuracy: +5 Base damage: 5 Base attack delay: 1.2 This weapon's minimum
   attack delay (0.6) is reached at skill level 12.
   Str+5:     It affects your strength (+5).
   Earth:     It increases the power of your Earth spells.
   It falls into the 'Staves' category.
   It is a two-handed weapon.
Jewellery
 p - a ring of protection from cold
 u - a ring of see invisible
Scrolls
 f - 2 scrolls of vulnerability {unknown}
 g - a scroll of amnesia {unknown}
 h - 2 scrolls of brand weapon {unknown}
 j - 2 scrolls of identify {unknown}
 k - 7 scrolls of noise
 n - a scroll of torment {unknown}
 r - 2 scrolls of enchant armour {unknown}
 w - a scroll of fog {unknown}
 x - a scroll of enchant weapon {unknown}
 y - a scroll of blinking {unknown}
 A - a scroll of fear {unknown}
Potions
 i - 2 potions of mutation {unknown}
 l - 3 potions of curing {unknown}
 m - 2 potions of cancellation {unknown}
 o - 4 potions of brilliance {unknown}
 s - a potion of enlightenment {unknown}
 t - 2 potions of invisibility {unknown}
 v - 2 potions of might {unknown}
 z - a potion of haste {unknown}
 B - a potion of attraction {unknown}


   Skills:
 - Level 3.0 Fighting
 - Level 2.7(2.9) Polearms
 - Level 1.2(2.1) Staves
 - Level 3.0 Dodging
 * Level 5.4 Earth Magic
 * Level 5.8 Evocations


You had 6 spell levels left.
You didn't know any spells.
Your spell library was empty.

Dungeon Overview and Level Annotations

Branches:
Dungeon (4/15)            Ossuary (visited)
 Temple: D:4-7

Altars:
Hepliaklqana

Annotations:
D:4 Duvessa


Innate Abilities, Weirdness & Mutations

You are an insubstantial wisp.
Your tiny insubstantial body is highly resistant to most damage types.
You are flying.
Your equipment is entirely melded.
You are incapable of wielding weapons or throwing items.
You cannot cast spells.
((You have large cloven feet.))
((You are partially covered in molten scales. (AC +2)))
A meltable icy envelope protects you from harm. (AC +0)
A meltable shield of frost defends you. (SH +0)


Message History

The orc is severely wounded.
The orc misses you. x2
Unknown command.
You barely miss the orc.
The orc is severely wounded.
The orc misses you. The orc completely misses you.
You barely miss the orc.
The orc is severely wounded.
The orc hits you but does no damage. The orc misses you.
Unknown command.
You touch the orc.
You kill the orc!
The orc barely misses you.
Unknown command.
You touch Duvessa but do no damage.
Your transformation is almost over.
Duvessa closely misses you. Duvessa hits you but does no damage.
The orc completely misses you.
You touch Duvessa.
Duvessa is lightly wounded.
Duvessa hits you with a +0 short sword.
Unknown command.
You touch Duvessa but do no damage.
Duvessa is lightly wounded.
The orc misses you. Duvessa hits you with a +0 short sword!
* * * LOW HITPOINT WARNING * * *
Unknown command.
You touch Duvessa.
Duvessa is lightly wounded.
Duvessa barely misses you. The orc barely misses you.
Duvessa hits you with a +0 short sword.
* * * LOW HITPOINT WARNING * * *
You completely miss Duvessa.
Duvessa is lightly wounded.
The orc completely misses you. Duvessa completely misses you.
You are confused.
You feel invigorated. Duvessa completely misses you. The orc misses you.
The orc priest calls down the wrath of Beogh upon you.
Beogh smites you!
You die...

......# ....... .......
......o ....... >......
### ......o### #..
......oev# #..
.......#o########## ##..
.......#.......)..## #...
.......##########..###...
......# ##....... .....#
######..##.. ###..
#.......>... #..
..#####)#### ##..#


You could see Duvessa (berserk), an orc priest and 2 orcs.

Vanquished Creatures
  Grinder (D:4)
  An ogre (D:4)
  A centaur (D:4)
  Dowan (D:4)
  2 human zombies (Ossuary)
  A jelly (D:4)
  2 orc priests
  Jessica (D:2)
  2 iguanas (D:4)
  6 mummies
  Robin (D:2)
  5 adders
  4 gnolls (D:3)
  A worm (D:3)
  A dart slug (D:1)
  7 orcs
  4 bats
  9 endoplasms
  4 giant cockroaches
  15 goblins
  8 hobgoblins
  2 jackals (D:2)
  4 kobolds
  2 quokkas
  5 ball pythons
  4 frilled lizards
  A goblin zombie (Ossuary)
  3 kobold zombies (Ossuary)
  2 orc zombies (Ossuary)
  6 rats
106 creatures vanquished.

Notes
Turn   | Place    | Note
-------+----------+-------------------------------------------
     0 | D:1      | innerfire43 the Demonspawn Monk began the quest for the
                  | Orb.
     0 | D:1      | Reached XP level 1. HP: 18/18 MP: 1/1
    44 | D:1      | Identified a scroll of acquirement
    44 | D:1      | Acquired the staff of Beogh's Wrath {Str+5 Earth}
   222 | D:1      | Gained mutation: A meltable shield of frost defends you.
                  | (SH +0) [demonic ancestry]
   222 | D:1      | Reached XP level 2. HP: 18/24 MP: 2/2
   316 | D:1      | Reached skill level 1 in Earth Magic
   320 | D:1      | Reached skill level 1 in Staves
   739 | D:2      | Gained mutation: You are partially covered in molten
                  | scales. (AC +2) [demonic ancestry]
   739 | D:2      | Reached XP level 3. HP: 29/29 MP: 3/3
   867 | D:2      | Reached skill level 1 in Evocations
  1060 | D:2      | Noticed Robin
  1088 | D:2      | Reached XP level 4. HP: 10/35 MP: 4/4
  1098 | D:2      | Killed Robin
  1379 | D:2      | Noticed Jessica
  1388 | D:2      | Killed Jessica
  1551 | D:3      | Gained mutation: A meltable icy envelope protects you from
                  | harm. (AC +0) [demonic ancestry]
  1551 | D:3      | Reached XP level 5. HP: 30/41 MP: 5/5
  2118 | D:4      | Noticed a centaur
  2126 | D:4      | Noticed Grinder
  2128 | D:4      | Killed a centaur
  2129 | D:4      | Gained mutation: You have large cloven feet. [demonic
                  | ancestry]
  2129 | D:4      | Reached XP level 6. HP: 45/47 MP: 6/6
  2138 | D:4      | Killed Grinder
  2149 | D:4      | Found a sand-covered staircase.
  2159 | Ossuary  | Entered an ossuary
  2258 | Ossuary  | Reached XP level 7. HP: 44/52 MP: 7/7
  2569 | D:4      | Reached skill level 5 in Evocations
  2771 | D:4      | Found a hazy altar of Hepliaklqana.
  2779 | D:4      | Reached skill level 5 in Earth Magic
  2832 | D:4      | Noticed Dowan
  2832 | D:4      | Noticed Duvessa
  2847 | D:4      | Killed Dowan
  2862 | D:4      | Killed from afar by an orc priest

Illustrated notes

Levels and vault maps discovered:
D:1:      roderic_crop_circles_arrival_large, layout_basic
D:2:      layout_basic, minmay_distorted, uniq_robin, uniq_jessica
D:3:      layout_basic, minivault_24, minmay_box_of_dots
D:4:      layout_rooms, nicolae_qazlal_eye_of_the_storm,
          mainiacjoe_overflow_chevrons, minmay_temple_entry_statues_fountains,
          gup_ossuary_entry_pyramid, nicolae_elevator_lobby_asterisk,
          uniq_grinder, uniq_eustachio, uniq_pikel, uniq_duvessa

Skill      XL: |  1  2  3  4  5  6  7 |
---------------+----------------------+-----
Earth Magic    | 1 2 3 4 5 |  5.4
Staves         | 1 |  1.2
Dodging        | 3 |  3.0
Evocations     | 1 2 3 4 5 |  5.8
Fighting       | |  3.0
Polearms       | |  2.7

Action                     |  1- 3 |  4- 6 |  7- 9 || total
---------------------------+-------+-------+-------++-------
  Melee: Staff             |   165 |   198 |   118 ||   481
         Spear             |     6 |       |       ||     6
         Kick              |       |    17 |    54 ||    71
         Unarmed           |       |       |    16 ||    16
    Use: Scroll            |     1 |       |       ||     1
         Potion            |       |       |     1 ||     1
 Armour: Robe              |    27 |    31 |     8 ||    66
         Skin              |       |       |     2 ||     2
  Dodge: Dodged            |    62 |    70 |    52 ||   184
  Block: Orb               |    14 |    21 |     7 ||    42

Table legend: (Time is in decaauts)
 A = Elapsed time spent in this place.
 B = Non-inter-level travel time spent in this place.
 C = Inter-level travel time spent in this place.
 D = Time resting spent in this place.
 E = Time spent auto-exploring this place.
 F = Levels seen in this place.
 G = Mean time per level.
                   A        B        C        D        E       F      G
               +--------+--------+--------+--------+--------+-----+--------+
         Total |   2884 |   2822 |     62 |      0 |   2136 |   5 |  576.8 |
       Dungeon |   2479 |   2417 |     62 |      0 |   1861 |   4 |  619.8 |
       Ossuary |    405 |    405 |      0 |      0 |    275 |   1 |  405.0 |
               +--------+--------+--------+--------+--------+-----+--------+

Top non-repeatable levels by time:
     D:1: 738 daAuts
     D:2: 716 daAuts
     D:3: 680 daAuts
 Ossuary: 405 daAuts
     D:4: 344 daAuts
